 Dungeon Crawl Stone Soup version 0.19.0-18-g426998a (webtiles) character file.

53 inmateoo the Ruffian (level 3, -3/32 HPs)
             Began as a Naga Warper on Nov 11, 2016.
             Slain by a gnoll
             ... wielding a +0 spear
              (9 damage)
             ... on level 3 of the Dungeon.
             The game lasted 00:03:10 (1117 turns).

inmateoo the Ruffian (Naga Warper)                  Turns: 1117, Time: 00:03:11

Health: -3/32      AC:  6    Str: 14    XL:     3   Next: 89%
Magic:  6/6        EV: 12    Int: 13    God:
Gold:   68         SH:  0    Dex: 15    Spells: 2 memorised, 2 levels left

rFire  . . .     SeeInvis +       - Unarmed
rCold  . . .     Gourm    .     a - +0 leather armour
rNeg   . . .     Faith    .     (no shield)
rPois  +         Spirit   .     (no helmet)
rElec  .         Reflect  .     (no cloak)
rCorr  .         Harm     .     (no gloves)
MR     .....                    g - +0 naga barding
Stlth  ++........               (no amulet)
                                (no ring)
                                (no ring)

@: agile, short of breath, flying, very slow
A: see invisible, deformed body, poison resistance, slowness 2, slow metabolism
1, spit poison 1, AC +1
a: Spit Poison


You were on level 3 of the Dungeon.
You were not hungry.

You visited 1 branch of the dungeon, and saw 3 of its levels.

You collected 68 gold pieces.

Inventory:

Missiles
 d - 5 tomahawks of dispersal (quivered)
 i - 3 javelins
Armour
 a - a +0 leather armour (worn)
 g - a +0 naga barding (worn)
Wands
 s - a wand of polymorph (14/24)
Scrolls
 e - 3 scrolls of remove curse
 j - 2 scrolls of teleportation {unknown}
 k - a scroll of amnesia {unknown}
 l - a scroll of random uselessness {unknown}
 o - a scroll of fear {unknown}
 p - a scroll of immolation
Potions
 c - 2 potions of brilliance
 m - 2 potions of agility
 q - a potion of heal wounds {unknown}
Books
 b - a book of Spatial Translocations

   Spells                             Type                      Level
   a - Blink                          Translocation                2
   b - Shroud of Golubria             Charms/Translocation         2
   c - Lesser Beckoning               Translocation                3
   d - Portal Projectile              Translocation                3
   e - Teleport Other                 Translocation                3
   f - Passage of Golubria            Translocation                4
Comestibles
 f - 3 bread rations
 n - a beef jerky
 r - 3 fruits


   Skills:
 - Level 2.0 Fighting
 - Level 0.8 Throwing
 - Level 0.7 Armour
 - Level 1.5 Dodging
 + Level 4.0 Unarmed Combat
 - Level 2.0 Spellcasting
 - Level 3.0 Translocations


You had 2 spell levels left.
You knew the following spells:

 Your Spells              Type           Power        Failure   Level  Hunger
a - Blink                 Tloc           N/A          14%         2    ###....
b - Shroud of Golubria    Chrm/Tloc      #.........   28%         2    ###....


Dungeon Overview and Level Annotations

Branches:
Dungeon (3/15)

Altars:

Annotations:
D:2 Terence


Innate Abilities, Weirdness & Mutations

You cannot wear boots.
Your serpentine skin is tough. (AC +1)
You have supernaturally acute eyesight. (SInv)
Armour fits poorly on your strangely shaped body.
Your system is resistant to poisons. (rPois)
You cover ground very slowly.
You have a slow metabolism.
You can spit poison.


Message History

You have got your breath back.
You feel agile all of a sudden.
The gnoll hits you from afar with a halberd!
* * * LOW HITPOINT WARNING * * *
Unknown command.
Unknown command.
Unknown command.
Press: ? - help, Shift-Dir - straight line, f/p - gnoll
Aim: a gnoll, wielding a halberd (severely wounded)
The splash of poison hits the gnoll.
The gnoll is almost dead.
You feel slightly more hungry. The gnoll closely misses you.
The gnoll barely misses you.
Unknown command.
Unknown command.
It was a potion of flight.
You feel very buoyant.
You fly up into the air.
The gnoll hits you from afar with a spear!
You die...

##### #....# ## #....#
###. #....# ##...
#....########..## ..#####
#....#.........#
.......###....#.........##
.........@..............##
.#####g##....†...........
#.##g..>............
#g##....##.........†
#..##..###..........
##.............##...
###g....##.#.......
#.g..#......#.####
#...............#


You could see 2 gnolls.

Vanquished Creatures
  A gnoll (D:3)
  A worm (D:3)
  A dart slug (D:3)
  3 orcs (D:3)
  2 bats (D:1)
  4 giant cockroaches
  6 goblins
  5 hobgoblins
  8 frilled lizards
  2 kobolds (D:1)
  3 rats
36 creatures vanquished.

Notes
Turn   | Place    | Note
-------+----------+-------------------------------------------
     0 | D:1      | inmateoo the Naga Warper began the quest for the Orb.
     0 | D:1      | Reached XP level 1. HP: 19/19 MP: 3/3
    42 | D:1      | Reached XP level 2. HP: 24/26 MP: 5/5
   270 | D:1      | Reached skill level 3 in Unarmed Combat
   452 | D:1      | Learned a level 2 spell: Blink
   455 | D:1      | Learned a level 2 spell: Shroud of Golubria
   587 | D:1      | Reached XP level 3. HP: 29/32 MP: 6/6
   731 | D:2      | Noticed Terence
   983 | D:3      | Reached skill level 4 in Unarmed Combat
  1117 | D:3      | Slain by a gnoll

Skill      XL: |  1  2  3 |
---------------+----------+-----
Unarmed Combat | 3 4 |  4.0
Fighting       | |  2.0
Throwing       | |  0.8
Armour         | |  0.7
Dodging        | |  1.5
Spellcasting   | |  2.0
Translocations | |  3.0

Action                   || total
-------------------------++-------
Melee: Unarmed           ||   119
 Abil: Spit Poison       ||    17
  Use: Scroll            ||     5
       Potion            ||     3
  Eat: Chunk             ||     1
Armor: Leather armour    ||    72
Dodge: Dodged            ||    64
